AoeStats
← SIN_Crowo

Black Forest

505723860Analyzed
4v4 RM · 21d ago on Sep 10, 2026· 31m 58s· 8 players
Game mode
Random Map
Map size
Large (8 player)
Population
200
Speed
Normal
Resources
Standard
Victory
Conquest
Starting age
Dark Age
Ending age
Imperial Age
RankedLock teamsTeams togetherTeam positionsShared explorationLock speedFull tech treeHidden civsTurbo modeCheats
Victory
Defeat
🇫🇷 Turks · France
855
+14
🇹🇷 Goths · Türkiye
824
+15
🇹🇷 Britons · Türkiye
807
+16
🇩🇪 Persians · Germany
726
+20
🇩🇪 Ethiopians · Germany
836
-17
🇩🇪 Slavs · Germany
816
-17
🇩🇪 Spanish · Germany
801
-16
🇩🇪 Franks · Germany
767
-17
Siggos
0:29 Loom
28:42 Feudal Age
30:11 Double-Bit Axe
30:09 Horse Collar
SIN_Crowo
4:28 Loom
15:12 Feudal Age
15:39 Double-Bit Axe
15:48 Gold Mining
19:34 Wheelbarrow
23:08 Castle Age
21:48 Scale Barding Armor
31:18 Chain Barding Armor
31:04 Scale Mail Armor
31:16 Husbandry
HAVE A NICE DAY
0:28 Loom
14:47 Feudal Age
16:00 Horse Collar
16:58 Wheelbarrow
16:50 Double-Bit Axe
19:50 Man-at-Arms
26:37 Castle Age
24:57 Forging
24:49 Scale Mail Armor
28:02 Long Swordsman
BLAZE OF GLORY
1:37 Loom
13:23 Feudal Age
15:46 Horse Collar
18:16 Castle Age
16:57 Double-Bit Axe
18:51 Town Watch
28:50 Wheelbarrow
31:43 Bow Saw
HORIZONUF
1:35 Loom
10:22 Feudal Age
11:12 Double-Bit Axe
18:42 Castle Age
16:47 Horse Collar
17:02 Stone Mining
17:33 Gold Mining
20:46 Fletching
20:57 Padded Archer Armor
21:47 Bow Saw
24:35 Wheelbarrow
25:07 Town Watch
25:27 Husbandry
25:38 Bloodlines
30:45 Hand Cart
30:36 Treadmill Crane
31:01 Town Patrol
31:58 Forging
32:34 Heavy Plow
nosound
0:36 Loom
13:09 Feudal Age
13:30 Double-Bit Axe
13:28 Horse Collar
13:51 Gold Mining
15:37 Wheelbarrow
15:45 Town Watch
16:15 Stone Mining
24:31 Castle Age
22:46 Forging
22:36 Scale Mail Armor
25:03 Heavy Plow
25:25 Bow Saw
25:32 Hand Cart
25:29 Husbandry
28:51 Iron Casting
28:31 Chain Mail Armor
29:57 Scale Barding Armor
31:19 Town Patrol
32:44 Chain Barding Armor
Kael
1:02 Loom
14:05 Feudal Age
20:24 Castle Age
19:07 Double-Bit Axe
19:03 Horse Collar
19:15 Gold Mining
21:13 Wheelbarrow
21:10 Stone Mining
22:40 Scale Mail Armor
22:32 Fletching
22:41 Fletching
24:53 Forging
26:46 Chain Mail Armor
26:10 Pikeman
31:14 Iron Casting
pumperbars
2:43 Loom
22:12 Feudal Age
23:23 Double-Bit Axe
27:02 Wheelbarrow
32:23 Castle Age
Connection lost

Rejoining the realm…

Still unreachable

The connection could not be restored.

Session expired

The server has moved on; the page needs a fresh start.